 Dungeon Crawl Stone Soup version 0.16.1 (webtiles) character file.

9162 Ladykiller69 the Brawler (level 11, 0/90 HPs)
             Began as a Naga Monk on Mar 23, 2015.
             Was a Priest of Cheibriados.
             Killed from afar by an ice statue (16 damage)
             ... with a shard of ice
             ... in an ice cave.
             The game lasted 01:06:39 (9249 turns).

Ladykiller69 the Brawler (Naga Monk)                Turns: 9249, Time: 01:06:40

Health: 0/90       AC: 14    Str: 26    XL:     11   Next: 42%
Magic:  20/20      EV: 14    Int: 20    God:    Cheibriados [***...]
Gold:   456        SH:  0    Dex: 19    Spells: 3 memorised, 5 levels left

rFire  . . .     SeeInvis +       - Unarmed
rCold  + + .     Clarity  .     C - +2 ring mail {rC+}
rNeg   . . .     SustAb   .     (no shield)
rPois  +         Gourm    .     D - +2 helmet
rElec  .         Spirit   .     (no cloak)
rCorr  .         Warding  .     m - +2 pair of gloves {archery}
rMut   .         Rnd*Tele +     (no barding)
MR     +....                    o - amulet of regeneration
Stlth  +++.......               j - ring of protection from cold
                                E - +3 ring of evasion

@: very slow, somewhat resistant to hostile enchantments, fairly stealthy
A: spit poison, see invisible, clumsy 1, deformed body, poison resistance,
slowness 2, strong 1, teleportitis 1, AC +3
a: Spit Poison, Bend Time, Temporal Distortion, Renounce Religion


You were in an ice cave.
You worshipped Cheibriados.
Cheibriados was most pleased with you.
You were very hungry.

You visited 2 branches of the dungeon, and saw 13 of its levels.
You also visited: Ice Cave.

You collected 564 gold pieces.
You spent 108 gold pieces at shops.

Inventory:

Missiles
 d - 17 stones (quivered)
Armour
 a - a +0 robe
 m - a +2 pair of gloves of archery (worn)
 n - a +0 robe of the Archmagi
 y - a +0 pair of gloves
 C - a +2 ring mail of cold resistance (worn)
 D - a +2 helmet (worn)
Jewellery
 f - an uncursed ring of stealth {unknown}
 g - a +2 ring of protection
 j - a ring of protection from cold (right hand)
 k - a +4 ring of protection
 o - an amulet of regeneration (around neck)
 s - an uncursed amulet of resist corrosion
 u - a +2 ring of dexterity
 E - a +3 ring of evasion (left hand)
 J - a +2 ring of strength {unknown}
 O - an uncursed ring of protection from fire {unknown}
Magical devices
 H - a wand of fire (13)
 T - a wand of cold (7)
 U - a wand of cold (9)
 W - a wand of fire (6)
Scrolls
 c - 9 scrolls of remove curse
 e - 11 scrolls of identify
 h - a scroll of enchant armour
 i - a scroll of immolation
 p - 2 scrolls of amnesia
 q - 2 scrolls of recharging
 r - a scroll of blinking
 v - a scroll of acquirement {unknown}
 I - 2 scrolls of magic mapping
Potions
 t - 2 potions of might
 w - 2 potions of curing
 z - 4 potions of poison
 L - a potion of degeneration
Books
 K - a book of Spatial Translocations

   Spells                             Type                      Level
   a - Apportation                    Translocation                1
   b - Blink                          Translocation                2
   c - Shroud of Golubria             Charms/Translocation         2
   d - Portal Projectile              Translocation                3
   e - Teleport Other                 Translocation                3
   f - Passage of Golubria            Translocation                4
 R - a book of Enchantments

   Spells                             Type                      Level
   a - Tukima's Dance                 Hexes                        3
   b - Cause Fear                     Hexes                        4
   c - Silence                        Hexes/Air                    5
   d - Deflect Missiles               Charms/Air                   6
   e - Haste                          Charms                       6
   f - Discord                        Hexes                        8
Comestibles
 b - 11 bread rations
 l - 4 fruits
 A - 7 beef jerkies
 B - 2 meat rations


   Skills:
 - Level 3.0 Fighting
 - Level 3.0 Dodging
 + Level 5.8 Stealth
 * Level 15.7 Unarmed Combat
 * Level 5.8 Invocations


You had 5 spell levels left.
You knew the following spells:

 Your Spells              Type           Power        Failure   Level  Hunger
a - Apportation           Tloc           #.........   30%         1    ##.....
b - Blink                 Tloc           N/A          43%         2    ###....
c - Shroud of Golubria    Chrm/Tloc      #.........   43%         2    ###....


Dungeon Overview and Level Annotations

Branches:
Dungeon (12/15)            Temple (1/1) D:6            Lair (0/8) D:8
    Orc: D:9-12

Altars:
Ashenzari
Cheibriados
Dithmenos
Elyvilon
Fedhas
Gozag
Kikubaaqudgha
Makhleb
Nemelex Xobeh
Okawaru
Qazlal
Ru
Sif Muna
Trog
Vehumet
Xom
Yredelemnul
Zin
The Shining One

Shops:
D:12 *

Annotations:
D:5 exclusion: ogre
D:12 exclusion: ice statue IceCv exclusion: ice statue


Innate Abilities, Weirdness & Mutations

You cannot wear boots.
You can spit poison.
Your serpentine skin is tough (AC +3).
You have supernaturally acute eyesight.
Armour fits poorly on your strangely shaped body.
Your system is resistant to poisons.
You cover ground very slowly.
You are clumsy. (Dex -2)
Your muscles are strong. (Str +2)
Space occasionally distorts in your vicinity.


Message History

The bolt of cold hits you! You resist.
You hit the ice statue!
You destroy the ice statue!
Cheibriados thoroughly appreciates the change of pace.
The ice statue throws cold at you. The bolt of cold hits you! You resist.
* * * LOW HITPOINT WARNING * * *
The ice statue throws ice at you. The shard of ice hits you!
You partially resist.
* * * LOW HITPOINT WARNING * * *
Drink which item? (? for menu, Esc to quit)
You feel better.
You hit the ice statue but do no damage.
You hit the ice statue!
The ice statue is moderately damaged.
You hit the ice statue.
The ice statue is moderately damaged.
The ice statue throws ice at you. The shard of ice hits you!
You partially resist.
You die...

###########
##.........##
#...8.[.8...#
##....".)....##
#......$Y.....#
#........8....#
#.......@Y....#
##...........##
#...........#
#...........#
##.........##
##...∩...##
##.....##
#######


You could see an ice statue and 2 ice beasts.

Vanquished Creatures
  Nergalle (D:12)
  An ice statue (IceCv)
  A cyclops (D:12)
  Psyche (D:11)
  A gargoyle (D:8)
  A trapdoor spider (D:9)
  A trapdoor spider zombie (D:9)
  A shadow (D:12)
  2 deep elf magi
  3 wargs (D:8)
  2 water moccasins
  6 orc warriors
  A black bear (D:9)
  7 ogres
  5 centaurs
  2 sky beasts
  A wasp (D:9)
  9 ice beasts
  2 phantoms (D:7)
  Duvessa (D:5)
  4 giant frogs
  3 jellies
  5 killer bees (D:11)
  9 wights
  2 electric eels (D:8)
  Dowan (D:5)
  8 crimson imps
  A quasit (D:4)
  4 giant frog skeletons
  4 orc priests
  3 hounds
  22 orc wizards
  Natasha (D:6)
  2 iguanas
  6 worker ants
  3 hound skeletons
  3 gnolls (D:6)
  10 adders
  2 giant mites
  A shadow imp (D:8)
  4 worms
  An adder zombie (D:5)
  4 giant geckos
  5 oozes
  32 orcs
  5 ball pythons
  14 bats
  A bat skeleton (D:7)
  7 giant cockroaches
  17 hobgoblins
  7 jackals
  7 quokkas
  6 giant newts
  12 goblins
  5 kobolds
  A quokka skeleton (D:8)
  17 rats
  4 ballistomycetes
292 creatures vanquished.

Vanquished Creatures (others)
  2 giant spores
  A ballistomycete (D:12)
  A plant (D:8)
4 creatures vanquished.

Grand Total: 296 creatures vanquished

Notes
Turn   | Place    | Note
--------------------------------------------------------------
     0 | D:1      | Ladykiller69, the Naga Monk, began the quest for the Orb.
     0 | D:1      | Reached XP level 1. HP: 21/21 MP: 1/1
   285 | D:1      | Reached XP level 2. HP: 21/28 MP: 2/2
   743 | D:2      | Reached XP level 3. HP: 34/34 MP: 3/3
   964 | D:2      | Found a burning altar of Makhleb.
  1465 | D:3      | Reached skill level 5 in Unarmed Combat
  1465 | D:3      | Reached XP level 4. HP: 39/42 MP: 4/4
  1762 | D:3      | Reached XP level 5. HP: 49/49 MP: 5/5
  1822 | D:3      | Found a deep blue altar of Sif Muna.
  1876 | D:3      | Reached skill level 6 in Unarmed Combat
  2048 | D:3      | Found a white marble altar of Elyvilon.
  2467 | D:4      | Reached XP level 6. HP: 56/56 MP: 6/6
  2476 | D:4      | Found a shimmering altar of Xom.
  2530 | D:4      | Reached skill level 7 in Unarmed Combat
  2976 | D:4      | Noticed a sky beast
  3014 | D:4      | Found an opulent altar of Gozag.
  3076 | D:4      | Reached XP level 7. HP: 62/62 MP: 7/7
  3097 | D:4      | Reached skill level 8 in Unarmed Combat
  3166 | D:4      | Killed a sky beast
  3234 | D:5      | Entered Level 5 of the Dungeon
  3234 | D:5      | Noticed Duvessa
  3234 | D:5      | Noticed Dowan
  3500 | D:5      | Reached skill level 9 in Unarmed Combat
  3823 | D:5      | Reached XP level 8. HP: 61/69 MP: 8/8
  3908 | D:5      | Killed Duvessa
  3935 | D:5      | Killed Dowan
  3935 | D:5      | Reached skill level 10 in Unarmed Combat
  4254 | D:6      | Found a staircase to the Ecumenical Temple.
  4270 | Temple   | Entered the Ecumenical Temple
  4671 | D:6      | Found a sparkling altar of Nemelex Xobeh.
  4673 | D:6      | Found a deep blue altar of Sif Muna.
  4744 | D:6      | Noticed Natasha
  4755 | D:6      | Killed Natasha
  4900 | D:6      | Reached skill level 11 in Unarmed Combat
  5061 | D:7      | Found a bloodstained altar of Trog.
  5103 | D:7      | Reached XP level 9. HP: 59/75 MP: 9/9
  5141 | D:7      | Learned a level 1 spell: Apportation
  5145 | D:7      | Learned a level 2 spell: Blink
  5148 | D:7      | Learned a level 2 spell: Shroud of Golubria
  5393 | D:7      | Reached skill level 12 in Unarmed Combat
  6101 | D:8      | Noticed a gargoyle
  6435 | D:8      | Killed a gargoyle
  6435 | D:8      | Reached skill level 13 in Unarmed Combat
  6689 | D:8      | Reached XP level 10. HP: 60/84 MP: 10/10
  6788 | D:8      | Found a staircase to the Lair.
  7045 | D:8      | Reached skill level 14 in Unarmed Combat
  7960 | D:9      | Found a snail-covered altar of Cheibriados.
  7975 | D:9      | Became a worshipper of Cheibriados the Contemplative
  7975 | D:9      | Acquired Cheibriados' first power
  8006 | D:10     | Entered Level 10 of the Dungeon
  8378 | D:10     | Reached skill level 15 in Unarmed Combat
  8495 | D:10     | Reached skill level 1 in Invocations
  8564 | D:11     | Noticed Psyche
  8575 | D:11     | Killed Psyche
  8655 | D:11     | Acquired Cheibriados' second power
  8865 | D:12     | Reached XP level 11. HP: 90/90 MP: 17/17
  8873 | D:12     | Noticed Nergalle
  8958 | D:12     | Noticed a cyclops
  8962 | D:12     | Killed a cyclops
  8983 | D:12     | Found Exieziaj's Assorted Antiques.
  8992 | D:12     | Bought a pair of glowing gloves for 108 gold pieces
  9034 | D:12     | Killed Nergalle
  9034 | D:12     | Reached skill level 5 in Stealth
  9034 | D:12     | Reached skill level 5 in Invocations
  9096 | D:12     | Found a frozen archway.
  9096 | D:12     | Noticed an ice statue
  9100 | IceCv    | Entered an ice cave
  9110 | IceCv    | Gained mutation: Your muscles are strong. (Str +2) [potion of mutation]
  9110 | IceCv    | Gained mutation: Space occasionally distorts in your vicinity. [potion of mutation]
  9110 | IceCv    | Gained mutation: You are clumsy. (Dex -2) [potion of mutation]
  9230 | IceCv    | Noticed an ice statue
  9230 | IceCv    | Noticed an ice statue
  9243 | IceCv    | Killed an ice statue
  9245 | IceCv    | HP: 4/90 [ice statue/shard of ice (17)]
  9249 | IceCv    | Killed from afar by an ice statue

Action                   |  1- 3 |  4- 6 |  7- 9 | 10-12 || total
-------------------------+-------+-------+-------+-------++-------
Melee: Unarmed           |   137 |   208 |   470 |   365 ||  1180
Invok: Temporal Distorti |       |       |       |     2 ||     2
 Abil: Spit Poison       |     4 |    11 |    15 |     6 ||    36
  Use: Potion            |       |       |     2 |    11 ||    13
       Scroll            |       |       |       |    17 ||    17
 Stab: Sleeping          |     6 |     8 |     2 |       ||    16
       Distracted        |       |       |     1 |       ||     1
  Eat: Chunk             |     2 |     7 |    15 |     9 ||    33
